 Dungeon Crawl Stone Soup version 0.30-a0-1112-gfb780f5df6 (webtiles) character file.

Game seed: 2935489667580098931

99 lunkers the Ruffian (level 5, -2/67 HPs)
             Began as a Meteoran Fighter on Apr 19, 2023.
             Splashed by a jelly's acid (8 damage)
             ... on level 4 of the Dungeon.
             The game lasted 00:01:47 (1121 turns).

lunkers the Ruffian (Meteoran Fighter)              Turns: 1121, Time: 00:01:47

Health: -2/67      AC:  1    Str: 17    XL:     5   Next: 23%
Magic:  6/6        EV:  9    Int:  9    God:
Gold:   87         SH:  6    Dex: 22    Spells: 4/4 levels left

rFire   . . .      SeeInvis .      - Unarmed
rCold   . . .      Faith    .    b - +0 buckler
rNeg    . . .      Spirit   .    a - +0 scale mail
rPois   .          Reflect  .    (no helmet)
rElec   .          Rampage  .    i - +0 cloak
rCorr   .                        f - +0 pair of gloves
Will    .....                    (no boots) Stlth
                                 (no amulet)
HPRegen 0.31/turn                g - +6 ring of dexterity
MPRegen 0.10/turn                (no ring)

@: berserking, corroded, glowing, very quick
A: sense surroundings 1, otherworldly, glowing, explore regen
a: no special abilities


You were on level 4 of the Dungeon.
You visited 1 branch of the dungeon, and saw 4 of its levels.

You collected 87 gold pieces.

Inventory:

Armour
 a - a +0 scale mail (worn)
 b - a +0 buckler (worn)
 f - a +0 pair of gloves (worn)
 i - a +0 cloak (worn)
Jewellery
 g - a +6 ring of dexterity (left hand)
Potions
 c - a potion of might
 d - a potion of berserk rage
 e - a potion of brilliance
 j - a potion of magic {unknown}


   Skills:
 - Level 3.2 Fighting
 - Level 3.6 Armour
 - Level 3.6 Shields
 * Level 5.8 Unarmed Combat


You had 4 spell levels left.
You didn't know any spells.
Your spell library contained the following spells:

 Spells                   Type           Power      Damage    Failure   Level
 Gell's Gravitas          Tloc           0%         N/A       99%         3
 Teleport Other           Tloc           0%         N/A       99%         3
 Ice Form                 Ice/Tmut       0%         N/A       100%        4
 Dispersal                Tloc           0%         N/A       100%        6
 Borgnjor's Revivificati  Necr           0%         N/A       100%        8
 Infestation              Necr           0%         N/A       100%        8


Dungeon Overview and Level Annotations

Branches:
Dungeon (4/15) Zot: 1286
 Temple: D:4-7

Altars:
Elyvilon
Nemelex Xobeh


Innate Abilities, Weirdness & Mutations

You passively map a small area around you.
You are easily found by Zot.
You glow in the dark.
You regain HP and MP as you explore.


Message History

A jelly comes into view.
There are monsters nearby!
You enter the shallow water.
Moving in this stuff is going to be slow.
There are monsters nearby!
You block the kobold's attack. The kobold attacks as you move away!
The kobold hits you but does no damage. The jelly attacks as you move away!
The jelly hits you but does no damage.
You hit the jelly. The acid corrodes you!
Your hands burn!
The jelly is lightly wounded.
The jelly hits you.
You are splashed with acid.
You hit the jelly but do no damage. The acid corrodes you!
Your hands burn!
The jelly is lightly wounded.
The jelly closely misses you.
You hit the jelly.
Your hands burn!
The jelly is moderately wounded.
The jelly barely misses you.
You hit the jelly but do no damage.
Your hands burn!
* * * LOW HITPOINT WARNING * * *
The jelly is moderately wounded.
The jelly hits you.
* * * LOW HITPOINT WARNING * * *
You are splashed with acid!
* * * LOW HITPOINT WARNING * * *
You aren't carrying any items that you can evoke.
A red film seems to cover your vision as you go berserk!
You feel yourself moving faster!
You feel mighty! The jelly hits you.
* * * LOW HITPOINT WARNING * * *
You are splashed with acid!
* * * LOW HITPOINT WARNING * * *
You hit the jelly.
Your hands burn!
* * * LOW HITPOINT WARNING * * *
The jelly is heavily wounded.
You punch the jelly!
Your hands burn!
* * * LOW HITPOINT WARNING * * *
The jelly is almost dead.
The jelly hits you.
* * * LOW HITPOINT WARNING * * *
You are splashed with acid!
You die...

#≈ , .# , , #≈####
..###.## ,
##≈≈#.###........
#.≈≈......##.....
#.≈≈~............,
##.~~..#........ ,
#..≈~..~###...# ,
#~..~..~#K#...#,##.
, *
#.~~~....J@...#...,
#..~~...#.....#.## ,
*#..~~~~.#......>.##
*
#.~~≈.~.###........
, ,
....~~~..###........
* *
#.~..~..~#..........
#.~~~~~..#.....###..
.~.≈...~#<...## . *
###### *


You could see a jelly and a kobold.

Vanquished Creatures
  A jelly (D:3)
  2 adders
  An orc (D:3)
  5 endoplasms
  4 goblins
  10 hobgoblins
  6 jackals (D:2)
  4 kobolds
  2 quokkas (D:1)
  4 ball pythons
  2 bats
  2 frilled lizards (D:1)
  3 rats
46 creatures vanquished.

Notes
Turn   | Place    | Note
-------+----------+-------------------------------------------
     0 | D:1      | lunkers the Meteoran Fighter began the quest for the Orb.
     0 | D:1      | Reached XP level 1. HP: 19/19 MP: 2/2
    65 | D:1      | Reached skill level 3 in Unarmed Combat
    65 | D:1      | Reached XP level 2. HP: 23/26 MP: 3/3
   202 | D:1      | Reached XP level 3. HP: 29/31 MP: 4/4
   304 | D:1      | Reached skill level 4 in Unarmed Combat
   593 | D:2      | Reached XP level 4. HP: 38/38 MP: 5/5
   777 | D:3      | Got the Lectures on Mortuary Ice
   824 | D:3      | Reached skill level 5 in Unarmed Combat
   824 | D:3      | Reached XP level 5. HP: 38/45 MP: 6/6
   910 | D:3      | Found a white marble altar of Elyvilon.
  1038 | D:3      | Found a sparkling altar of Nemelex Xobeh.
  1121 | D:4      | Splashed by a jelly's acid

Illustrated notes

Levels and vault maps discovered:
D:1:      wander_arrival_lonely_grave, layout_basic, minmay_strange_pillars,
          chequers_decorated_corner, hangedman_feature_mirror,
          minmay_misc_feat_chi
D:2:      layout_basic, nicolae_wormholes
D:3:      layout_loops_ring, gammafunk_temple_overflow_arena, elyvilon_altar_1,
          nemelex_dance_club_becter
D:4:      layout_cave_pools, nicolae_qazlal_style_of_elements,
          chequers_serial_rivers_small_3

Skill      XL: |  1  2  3  4 |
---------------+-------------+-----
Unarmed Combat | 3 4 5 |  5.8
Fighting       | |  3.2
Armour         | |  3.6
Shields        | |  3.6

Action                     |  1- 3 |  4- 6 || total
---------------------------+-------+-------++-------
  Melee: Unarmed           |   112 |    56 ||   168
    Use: Scroll            |       |     5 ||     5
         Potion            |       |     1 ||     1
 Armour: Scale mail        |    41 |    29 ||    70
  Dodge: Dodged            |    27 |    20 ||    47
  Block: Buckler           |    27 |     9 ||    36

Table legend: (Time is in decaauts)
 A = Elapsed time spent in this place.
 B = Non-inter-level travel time spent in this place.
 C = Inter-level travel time spent in this place.
 D = Time resting spent in this place.
 E = Time spent auto-exploring this place.
 F = Levels seen in this place.
 G = Mean time per level.
                   A        B        C        D        E       F      G
               +--------+--------+--------+--------+--------+-----+--------+
         Total |   1113 |   1064 |     49 |      0 |    717 |   4 |  278.2 |
       Dungeon |   1113 |   1064 |     49 |      0 |    717 |   4 |  278.2 |
               +--------+--------+--------+--------+--------+-----+--------+

Top non-repeatable levels by time:
     D:3: 385 daAuts
     D:2: 382 daAuts
     D:1: 324 daAuts
     D:4: 20 daAuts
